 Dungeon Crawl Stone Soup version 0.24.0-2-g5b39cebb1c (webtiles) character file.

Game seed: 17521162682229997026, levelgen mode: deterministic

216 Katsumi the Changer (level 5, -2/24 HPs)
             Began as a Felid Transmuter on Oct 29, 2019.
             Slain by an orc wizard
             ... wielding a +0 dagger
              (4 damage)
             ... on level 4 of the Dungeon.
             The game lasted 00:07:00 (6000 turns).

Katsumi the Changer (Felid Transmuter)              Turns: 6000, Time: 00:07:01

Health: -2/24      AC:  2    Str:  6    XL:     5   Next: 61%
Magic:  9/9        EV: 20    Int: 16    God:
Gold:   181        SH:  0    Dex: 17    Spells: 0/8 levels left
                                        Lives:  0   Deaths: 1

rFire    . . .     SeeInvis +     - Unarmed
rCold    . . .     Gourm    .   (shield unavailable)
rNeg     . . .     Faith    .   (armour unavailable)
rPois    .         Spirit   .   (helmet unavailable)
rElec    .         Reflect  .   (cloak unavailable)
rCorr    .         Harm     .   (gloves unavailable)
MR       .....                  (boots unavailable)
Stlth    +++.......             (no amulet)
HPRegen  0.08/turn              l - +2 ring of evasion
MPRegen  0.11/turn              j - ring of stealth

@: quick
A: very small, no armour, no weapons or thrown items, stealth, claws 1, fangs 3,
see invisible, carnivore, speed 1, shaggy fur 2, slow metabolism 1, sharp paws
a: no special abilities


You were on level 4 of the Dungeon.
You were not hungry.

You visited 1 branch of the dungeon, and saw 4 of its levels.

You collected 181 gold pieces.

Inventory:

Jewellery
 b - an uncursed ring of positive energy
 j - a ring of stealth (right paw)
 l - a +2 ring of evasion (left paw)
 o - an uncursed ring of resist corrosion
Wands
 e - a wand of iceblast (9)
 m - a wand of polymorph (6)
Scrolls
 d - a scroll of remove curse
 g - 2 scrolls of teleportation
 h - a scroll of identify {unknown}
 k - a scroll of random uselessness {unknown}
 q - a scroll of fog {unknown}
Potions
 f - 2 potions of berserk rage
 i - a potion of invisibility
 n - a potion of curing {unknown}
 p - 2 potions of flight {unknown}
Comestibles
 c - 7 rations


   Skills:
 - Level 3.0 Fighting
 - Level 2.6 Dodging
 - Level 3.0 Unarmed Combat
 - Level 2.0 Spellcasting
 + Level 7.1 Transmutations


You couldn't memorise any spells.
You knew the following spells:

 Your Spells              Type           Power        Failure   Level  Hunger
a - Beastly Appendage     Tmut           ###...       1%          1    #......
b - Sticks to Snakes      Tmut           ###.....     1%          2    ###....
c - Blade Hands           Tmut           ###.......   30%         5    ######.

Your spell library contained the following spells:

 Spells                   Type           Power        Failure   Level  Hunger
 Spider Form              Tmut/Pois      ##........   14%         3    ###....
 Ice Form                 Ice/Tmut       ##......     43%         4    #####..


Dungeon Overview and Level Annotations

Branches:
Dungeon (4/15)
 Temple: D:4-7

Altars:
Ashenzari

Annotations:
D:3 Grinder


Innate Abilities, Weirdness & Mutations

You cannot wear armour.
You are incapable of wielding weapons or throwing items.
Your paws allow you to move quietly. (Stealth)
You have sharp claws.
You have razor-sharp teeth.
You have supernaturally acute eyesight. (SInv)
You are carnivorous and can eat meat at any time.
You cover ground quickly.
You are covered in thick fur. (AC +2)
You have a slow metabolism.
Your sharp claws are effective at attacking unaware monsters.


Message History

The orc wizard is too close now for your liking.
An orc wizard is nearby!
Unknown command.
The orc wizard begins to cast a cantrip, but forgets the words!
The orc wizard looks encouraged for a moment.
An orc priest comes into view. It is wielding a +0 flail.
The orc wizard hits you with a +0 dagger.
The orc misses you.
The orc wizard hits you with a +0 dagger.
The orc barely misses you. The orc wizard closely misses you.
The orc hits you with a +0 dagger. The orc wizard barely misses you.
The orc hits you with a +0 dagger. The orc wizard closely misses you.
The orc hits you but does no damage. The orc wizard misses you.
The orc priest invokes the aid of Beogh against you.
Beogh smites you!
Ouch! That really hurt!
* * * LOW HITPOINT WARNING * * *
The orc wizard hits you with a +0 dagger.
You die...

...#.####[# .<...# #.# ...###
#.# .... ..## ###†### #...#
..# #.[.†.# #...#
#######.....#### #...#
.....##........## #...# #
.....##.........####...####..
.....##.......oo@............
.............><.o............
.....##......................
..>..##...#.....##.#...#.##.
..<..##.####...###.#...#
#######)# ##### #.#...# #.#
#........# #.# #.....#..# .#
#........#


You could see an orc priest, an orc wizard and an orc.

Vanquished Creatures
  Sigmund (D:3)
  Jessica (D:2)
  A howler monkey zombie (D:3)
  Robin (D:2)
  6 adders
  An ooze (D:2)
  3 worms (D:2)
  3 leopard geckos
  5 orcs (D:4)
  A ball python (D:2)
  3 giant cockroaches
  15 goblins
  14 hobgoblins
  2 jackals (D:3)
  2 quokkas
  5 bats
  3 frilled lizards
  11 kobolds
  6 rats
84 creatures vanquished.

Vanquished Creatures (collateral kills)
  An ogre (D:2)
  Ijyb (D:3)
  An adder (D:2)
  A goblin (D:2)
4 creatures vanquished.

Grand Total: 88 creatures vanquished

Notes
Turn   | Place    | Note
-------+----------+-------------------------------------------
     0 | D:1      | Katsumi the Felid Transmuter began the quest for the Orb.
     0 | D:1      | Reached XP level 1. HP: 9/9 MP: 4/4
   482 | D:1      | Reached XP level 2. HP: 13/13 MP: 4/6
  1448 | D:2      | Reached XP level 3. HP: 8/17 MP: 7/7
  1615 | D:2      | Learned a level 2 spell: Sticks to Snakes
  1753 | D:2      | Identified the +2 helmet of Love and Death {rElec rC+}
  1753 | D:2      | Noticed Robin
  2138 | D:2      | Noticed Jessica
  2152 | D:2      | Killed Jessica
  2152 | D:2      | Reached skill level 3 in Transmutations
  2259 | D:2      | Noticed an ogre
  2284 | D:2      | Killed an ogre
  2284 | D:2      | Reached skill level 4 in Transmutations
  2284 | D:2      | Reached XP level 4. HP: 2/21 MP: 2/8
  2631 | D:2      | Killed Robin
  3497 | D:2      | Reached XP level 5. HP: 23/24 MP: 9/9
  3701 | D:2      | Learned a level 5 spell: Blade Hands
  3978 | D:2      | Reached skill level 5 in Transmutations
  4307 | D:3      | Noticed Grinder
  4743 | D:3      | Noticed Ijyb
  4763 | D:3      | Killed Ijyb
  4861 | D:3      | Found a shattered altar of Ashenzari.
  5197 | D:3      | Noticed Sigmund
  5224 | D:3      | Killed Sigmund
  5224 | D:3      | Reached skill level 6 in Transmutations
  5224 | D:3      | Gained mutation: You are covered in thick fur. (AC +2)
                  | [Felid growth]
  5224 | D:3      | Reached XP level 6. HP: 14/28 MP: 4/10
  5786 | D:3      | Reached skill level 7 in Transmutations
  5983 | D:4      | Killed from afar by an orc wizard
  5984 | D:4      | Reached XP level 5. HP: -2/36 MP: 1/9
  6000 | D:4      | Slain by an orc wizard

Levels and vault maps discovered:
D:1:      mushboom_english_gardens, layout_rooms, chequers_decorated_corner,
          chequers_serial_rivers_room_b, minmay_misc_feat_chi,
          minmay_misc_feat_encased
D:2:      layout_basic, first_ration, minmay_stone_trees_small,
          minmay_misc_feat_enclosed, minmay_goblin_kobold_house, uniq_jessica,
          uniq_robin
D:3:      layout_loops_cross, nicolae_ashenzari_panopticon,
          wander_ebering_terrifying_dragon_lair, uniq_sigmund, uniq_ijyb,
          uniq_grinder
D:4:      cheibrodos_pilgrimage, layout_loops_cross, uniq_edmund

Skill      XL: |  1  2  3  4  5  6 |
---------------+-------------------+-----
Fighting       | 2 3 |  3.0
Transmutations | 4 6 7 |  7.1
Dodging        | |  2.6
Unarmed Combat | |  3.0
Spellcasting   | |  2.0

Action                   |  1- 3 |  4- 6 || total
-------------------------+-------+-------++-------
Melee: Unarmed           |    65 |   180 ||   245
       Headbutt          |    12 |    16 ||    28
       Bite              |     5 |    16 ||    21
       Punch             |     2 |     4 ||     6
 Cast: Beastly Appendage |    17 |    35 ||    52
       Sticks to Snakes  |     5 |     6 ||    11
       Blade Hands       |       |     4 ||     4
Evoke: Wand              |       |     1 ||     1
  Use: Scroll            |       |     2 ||     2
       Potion            |       |     1 ||     1
 Stab: Sleeping          |     3 |     8 ||    11
       Distracted        |       |     1 ||     1
  Eat: Chunk             |     7 |    15 ||    22
Armor: Skin              |     1 |     7 ||     8
Dodge: Dodged            |    39 |   138 ||   177
